Map: Bridgehead LE (Void)

Players

SolaCe (Nina) - Winner!

  • Race: Protoss Protoss
  • League: Master

RepMeaSt (Semper)

  • Race: Terran Terran
  • League: Master

Event: ASL Season 5 Prime League LOTV Beta

VOD

Have the link to the VOD?

Description

Time

  • Played on: Sept. 22, 2015, 9:34 p.m.
  • Length: 8:58

All games in this series

Show
View Real Time Build Order
Export as new Build Order

SolaCe Protoss - Winner!

Build Orders: 1 Gate Expand 

Get SALT Encoding   

  12  0:00  Probe (Chrono Boost)  
  13  0:10  Probe (Chrono Boost)  
  14  0:19  Pylon  
  14  0:21  Probe (Chrono Boost)  
  15  0:37  Probe (Chrono Boost)  
  15  0:39  Gateway  
  16  0:47  Probe (Chrono Boost), Assimilator  
  17  0:56  Probe (Chrono Boost)  
  18  1:06  Probe (Chrono Boost)  
  19  1:16  Probe (Chrono Boost)  
  20  1:26  Probe (Chrono Boost)  
  20  1:28  Cybernetics Core  
  21  1:36  Nexus  
  21  1:37  Probe (Chrono Boost)  
  22  1:44  Pylon  
  22  1:47  Probe (Chrono Boost)  
  22  1:52  Assimilator  
  23  2:02  Probe (Chrono Boost)  
  23  2:06  Adept  
  26  2:11  Mothership Core (Chrono Boost)  
  28  2:17  Warp Gate  
  28  2:29  Probe (Chrono Boost)  
  29  2:37  Robotics Facility  
  29  2:39  Probe (Chrono Boost)  
  30  2:49  Probe (Chrono Boost)  
  30  2:50  Probe (Chrono Boost)  
  32  2:56  Adept  
  34  2:59  Probe x2 (Chrono Boost)  
  34  3:04  Pylon  
  36  3:09  Probe (Chrono Boost)  
  37  3:12  Gateway  
  37  3:14  Gateway, Probe (Chrono Boost)  
  37  3:18  Probe (Chrono Boost)  
  39  3:24  Probe (Chrono Boost)  
  39  3:25  Warp Prism (Chrono Boost)  
  40  3:29  Probe (Chrono Boost)  
  40  3:32  Probe  
  44  3:41  Probe  
  44  3:42  Probe  
  44  3:44  Twilight Council  
  46  3:52  Probe  
  46  3:53  Probe  
  48  3:56  Pylon  
  48  3:57  Immortal (Chrono Boost)  
  48  4:02  Probe  
  52  4:05  Probe  
  54  4:12  Gateway  
  55  4:18  Probe  
  55  4:22  Gateway  
  55  4:25  Adept x2  
  55  4:29  Adept  
  61  4:33  Probe  
  62  4:39  Pylon  
  62  4:42  Pylon x2  
  62  4:46  Pylon  
  62  4:52  Assimilator  
  62  4:53  Observer, Assimilator  
  62  4:58  Gateway  
  63  5:00  Sentry x2  
  63  5:01  Sentry, Shield Upgrade (Chrono Boost)  
  63  5:02  Gateway  
  63  5:04  Probe  
  70  5:15  Sentry  
  70  5:18  Probe  
  73  5:23  Probe  
  73  5:28  Adept x3  
  80  5:32  Nexus, Pylon  
  80  5:33  Adept  
  82  5:35  Immortal  
  86  5:57  Stalker  
  86  5:58  Stalker x3  
  86  6:03  Stalker  
  96  6:07  Adept  
  96  6:11  Observer  
  98  6:16  Stalker  
  100  6:21  Adept  
  96  6:34  Stalker x3  
  96  6:45  Adept x2, Observer  
  96  6:46  Adept x2  
  103  6:56  Probe  
  103  6:58  Pylon  
  103  7:00  Pylon  
  104  7:03  Adept x3  
  104  7:05  Sentry  
  112  7:09  Stalker  
  114  7:20  Adept x2  
  118  7:29  Observer  
  118  7:37  Probe x2  
  113  7:42  Probe  
  114  7:49  Probe x2, Forge  
  117  7:52  Adept x3  
  117  7:53  Adept x3  
  117  7:58  Probe, Adept  
  129  8:01  Probe  
  129  8:03  Pylon x2  
  115  8:32  Adept x2  
  115  8:33  Adept x4  
  125  8:34  Adept  
  125  8:35  Probe  
  128  8:42  Probe  
  128  8:44  Probe  
  126  8:48  Assimilator  
  126  8:52  Assimilator  
Show
View Real Time Build Order
Export as new Build Order

RepMeaSt Terran 

Build Orders: MMM Bio 

Get SALT Encoding   

  12  0:01  SCV  
  13  0:13  SCV  
  14  0:18  Supply Depot  
  14  0:25  SCV  
  15  0:39  SCV  
  15  0:41  Barracks  
  16  0:44  Refinery  
  16  0:51  SCV  
  17  1:03  SCV  
  18  1:15  SCV  
  19  1:28  Orbital Command  
  19  1:29  Barracks Reactor  
  19  1:42  Command Center  
  20  1:54  SCV  
  20  1:56  Supply Depot  
  20  2:06  SCV  
  21  2:09  Factory  
  21  2:10  Marine  
  21  2:11  Marine  
  23  2:18  SCV  
  24  2:28  Bunker  
  24  2:29  Marine x2  
  26  2:31  SCV  
  27  2:43  SCV  
  28  2:47  Marine x2  
  30  2:54  Starport  
  30  2:55  Orbital Command  
  30  2:57  Widow Mine  
  32  3:02  SCV  
  33  3:08  Marine  
  33  3:10  Supply Depot  
  34  3:15  SCV  
  35  3:20  Marine  
  35  3:22  SCV  
  35  3:26  Widow Mine  
  39  3:29  SCV  
  40  3:34  SCV, Viking  
  40  3:37  Supply Depot  
  40  3:40  Marine  
  44  3:45  SCV  
  44  3:48  Marine  
  44  3:49  Engineering Bay  
  44  3:51  SCV  
  46  3:57  Marine  
  46  3:58  SCV  
  48  4:05  Widow Mine  
  48  4:06  Marine  
  48  4:08  SCV, Viking  
  54  4:12  SCV  
  54  4:14  Supply Depot  
  54  4:15  Marine  
  55  4:17  Supply Depot  
  55  4:20  SCV  
  56  4:24  SCV  
  56  4:29  Missile Turret  
  56  4:31  Marine  
  57  4:33  SCV, Missile Turret, Marine  
  57  4:34  Widow Mine  
  62  4:43  SCV  
  63  4:46  SCV  
  63  4:49  Marine  
  63  4:51  Marine  
  66  4:55  SCV  
  66  4:56  Barracks  
  66  4:57  Supply Depot, Barracks  
  67  5:03  Widow Mine  
  69  5:07  Marine  
  69  5:08  Medivac  
  69  5:10  SCV  
  69  5:12  Refinery x2  
  73  5:15  SCV  
  74  5:23  SCV  
  74  5:26  Supply Depot  
  74  5:27  SCV  
  74  5:28  Marine x2  
  78  5:35  SCV  
  79  5:37  Terran Infantry Weapons Level 1  
  79  5:42  SCV  
  80  5:44  Command Center  
  80  5:45  Barracks Tech Lab x2  
  80  5:47  SCV  
  81  5:54  SCV, Supply Depot  
  82  5:59  SCV  
  82  6:03  Factory Tech Lab  
  82  6:04  Bunker x2  
  83  6:06  Bunker  
  83  6:13  SCV  
  83  6:16  Marine x3  
  83  6:17  Marine  
  86  6:20  Stimpack  
  86  6:22  Siege Tank  
  81  6:34  Marine  
  80  6:41  Marine  
  80  6:42  Marine  
  80  6:43  Bunker  
  80  6:44  Marine  
  80  6:46  SCV x2  
  83  6:47  Combat Shields  
  83  6:48  Starport Reactor  
  83  6:52  Marine  
  83  6:55  Sensor Tower  
  83  6:57  Bunker  
  83  6:58  SCV  
  83  6:59  SCV, Marine x2  
  87  7:06  Marine  
  88  7:08  Supply Depot  
  87  7:21  Orbital Command  
  87  7:30  Marine x2  
  87  7:31  SCV, Marine  
  87  7:35  Siege Tank  
  93  7:47  Refinery  
  93  7:51  Orbital Command, Marine x2  
  94  8:01  Marine  
  94  8:02  Marine  
  95  8:09  SCV  
  72  8:24  Marine  
  72  8:26  SCV x2  
  61  8:27  Marine x3  
Tags
 
Add a new tag
Caveats
  • Supply blocks, unpowered buildings, or Contaminate may cause inaccurate times.
  • Supply counts are checked every 10 seconds.